 Dungeon Crawl Stone Soup version 0.27.1-35-g4d5d836560 (webtiles) character file.

Game seed: 3101631010667372389

200 Froggeryz the Cutter (level 6, -2/32 HPs)
             Began as a Kobold Enchanter on Mar 14, 2022.
             Slain by a kobold brigand (6 damage)
             ... on level 3 of the Dungeon.
             The game lasted 00:04:33 (4775 turns).

Froggeryz the Cutter (Kobold Enchanter)             Turns: 4775, Time: 00:04:34

Health: -2/32      AC:  4    Str:  5    XL:     6   Next: 7%
Magic:  9/9        EV: 15    Int: 17    God:
Gold:   129        SH:  0    Dex: 17    Spells: 8/9 levels left

rFire    + . .     SeeInvis .   a - +2 dagger
rCold    . . .     Faith    .   (shield restricted)
rNeg     . . .     Spirit   .   b - +0 robe
rPois    .         Reflect  .   (no helmet)
rElec    .         Harm     .   (no cloak)
rCorr    .         Rampage  .   p - +0 pair of gloves
Will     .....                  t - +0 pair of boots
Stlth    ++++......             (no amulet)
HPRegen  0.10/turn              m - ring of wizardry
MPRegen  0.11/turn              (no ring)

@: lethally poisoned (-2 -> -18), weak-willed, slowed, very slow
A: small, no large weapons, nightstalker 3, fire resistance 1
a: no special abilities


You were on level 3 of the Dungeon.
You visited 1 branch of the dungeon, and saw 3 of its levels.

You collected 129 gold pieces.

Inventory:

Hand Weapons
 a - a +2 dagger (weapon)
 s - a +0 short sword
Missiles
 n - 18 poisoned darts (quivered)
Armour
 b - a +0 robe (worn)
 p - a +0 pair of gloves (worn)
 r - a +0 buckler
 t - a +0 pair of boots (worn)
Jewellery
 m - a ring of wizardry (left hand)
Scrolls
 d - a scroll of magic mapping
 h - a scroll of enchant weapon
 j - a scroll of vulnerability
 k - a scroll of amnesia
 o - 2 scrolls of brand weapon
Potions
 c - a potion of degeneration {unknown}
 e - a potion of mutation
 f - a potion of curing {unknown}
 g - a potion of experience {unknown}
 i - 2 potions of heal wounds {unknown}
 q - a potion of lignification {unknown}


   Skills:
 + Level 6.9 Short Blades
 - Level 2.4 Dodging
 - Level 4.0 Stealth
 * Level 1.1 Shields
 - Level 2.1 Spellcasting
 - Level 3.0 Hexes


You had 8 spell levels left.
You knew the following spells:

 Your Spells              Type           Power      Damage    Failure   Level
a - Corona                Hex            13%        N/A       2%          1

Your spell library contained the following spells:

 Spells                   Type           Power      Damage    Failure   Level
 Ensorcelled Hibernation  Hex/Ice        12%        N/A       6%          2
 Confusing Touch          Hex            12%        N/A       7%          3
 Tukima's Dance           Hex            12%        N/A       7%          3
 Dazzling Flash           Conj/Hex       12%        N/A       12%         3
 Borgnjor's Revivificati  Necr           0%         N/A       100%        8
 Necromutation            Tmut/Necr      0%         N/A       100%        8
 Death's Door             Necr           0%         N/A       100%        9


Dungeon Overview and Level Annotations

Branches:
Dungeon (3/15)

Altars:
Uskayaw

Annotations:
D:3 Banquo's ghost, amateur FoFi


Innate Abilities, Weirdness & Mutations

You are small and have problems with some larger weapons.
You are completely attuned to the shadows.
Your flesh is heat resistant. (rF+)


Message History

Drop what? 20/52 slots (_ for help) (? for menu, Esc to quit)
You drop a scroll of holy word.
The kobold shouts! x2
Press: ? - help, v - describe, . - travel
Here: a kobold, wielding a +1 short sword of venom (fire blocked by a runed translucent door)
The floor.
Unknown command.
You open the gate.
The kobold brigand throws a curare-tipped dart.
The curare-tipped dart barely misses you.
As you read the scroll labelled LURCHI GADAXT, it crumbles to dust.
It is a scroll of enchant weapon.
Your +1 dagger glows red for a moment.
A kobold comes into view. It is wielding a +0 short sword.
You aren't carrying any items that you can evoke.
You hit the kobold but do no damage. The kobold closely misses you.
You barely miss the kobold. You hit the kobold.
You kill the kobold!
The kobold brigand throws a curare-tipped dart.
The curare-tipped dart hits you.
You are poisoned.
You have difficulty breathing.
You feel yourself slow down.
Unknown command.
Unknown command.
As you read the scroll labelled VYVEJOU YWKEQA, it crumbles to dust.
You feel aware of your surroundings.
It was a scroll of magic mapping.
You feel very sick.
As you read the scroll labelled VOB SUWUINA, it crumbles to dust.
Magic quickly surges around you.
It was a scroll of vulnerability.
You feel very sick.
The kobold brigand hits you with a +2 short sword of venom.
You are lethally poisoned!
It was a potion of mutation.
You feel extremely strange.
You feel resistant to heat.
* * * LOW HITPOINT WARNING * * *
You feel extremely sick. The kobold brigand misses you.
The kobold brigand hits you with a +2 short sword of venom.
You die...

######## #####......#
#.@KKK.....#
#.##KK'##..#
###KK...##.#
#KK#.#.≈#.#
#⌠.#.#K⌠#.########
####≈K#,#K≈#.........
#(.#*,,,,,###########
#.####,,,*#.##.......
#.#..######.##.##..P.


You could see a kobold brigand (weak-willed) and 8 kobolds.

Vanquished Creatures
  An orc priest (D:3)
  Natasha (twice) (D:2)
  4 adders (D:2)
  4 worms
  2 dart slugs
  4 orcs
  5 bats (D:3)
  7 endoplasms
  4 giant cockroaches
  7 goblins
  5 hobgoblins
  4 quokkas
  5 ball pythons
  5 frilled lizards
  6 kobolds
  5 rats
70 creatures vanquished.

Vanquished Creatures (others)
  9 plants (D:3)
9 creatures vanquished.

Grand Total: 79 creatures vanquished

Notes
Turn   | Place    | Note
-------+----------+-------------------------------------------
     0 | D:1      | Froggeryz the Kobold Enchanter began the quest for the Orb.
     0 | D:1      | Reached XP level 1. HP: 10/10 MP: 3/3
    47 | D:1      | Reached skill level 2 in Short Blades
   104 | D:1      | Reached XP level 2. HP: 6/15 MP: 3/5
   389 | D:1      | Reached skill level 3 in Short Blades
   533 | D:1      | Found a faded altar of an unknown god.
   960 | D:2      | Reached skill level 4 in Short Blades
   960 | D:2      | Reached XP level 3. HP: 19/19 MP: 6/6
  1120 | D:2      | Noticed Natasha
  1124 | D:2      | Killed Natasha
  1125 | D:2      | Reached skill level 5 in Short Blades
  1125 | D:2      | Reached XP level 4. HP: 24/24 MP: 7/7
  1199 | D:2      | Noticed Natasha
  1874 | D:2      | Reached XP level 5. HP: 28/28 MP: 8/8
  2021 | D:2      | Killed Natasha
  2022 | D:2      | Reached skill level 6 in Short Blades
  3607 | D:3      | Found a hide-covered altar of Uskayaw.
  4060 | D:3      | Reached skill level 1 in Shields
  4060 | D:3      | Reached XP level 6. HP: 22/32 MP: 6/9
  4394 | D:3      | Found a runed translucent gate.
  4396 | D:3      | Found a runed translucent gate.
  4397 | D:3      | Found a runed translucent gate.
  4397 | D:3      | Noticed Banquo's ghost (amateur FoFi)
  4775 | D:3      | Gained mutation: Your flesh is heat resistant. (rF+)
                  | [potion of mutation]
  4775 | D:3      | Slain by a kobold brigand

Illustrated notes

Levels and vault maps discovered:
D:1:      tarquinn_simple_flora_water_b, layout_basic,
          shapermc_ecumenical_altar_mp_vishouse
D:2:      layout_rooms, serial_co_window_serial, co_window_corner_a,
          co_window_cross_1, co_window_paths_b, co_window_paths_a,
          co_window_cross_1, co_window_corner_ca, co_window_unsneaky_path_c,
          co_window_2corner, co_window_unsneaky_path_d,
          co_window_unsneaky_path_a, co_window_corner_ca,
          co_window_unsneaky_path_d, glass_columns_c, glass_columns_b,
          glass_columns_b, glass_columns_c, glass_columns_a, minmay_cut_off,
          uniq_natasha
D:3:      layout_basic, mainiacjoe_overflow_alcove_1,
          gammafunk_ghost_nasty_kobolds, guppyfry_early_lair_pool

Skill      XL: |  1  2  3  4  5 |
---------------+----------------+-----
Short Blades   | 2 4 5 6 |  6.9
Shields        | 1 |  1.1
Dodging        | |  2.4
Stealth        | |  4.0
Spellcasting   | |  2.1
Hexes          | |  3.0

Action                   |  1- 3 |  4- 6 || total
-------------------------+-------+-------++-------
Melee: Dagger            |    55 |   266 ||   321
Throw: Dart              |       |     8 ||     8
 Cast: Corona            |     1 |     9 ||    10
  Use: Scroll            |       |     7 ||     7
       Potion            |       |     1 ||     1
 Stab: Sleeping          |    16 |    13 ||    29
       Distracted        |     1 |       ||     1
Armor: Robe              |     5 |    35 ||    40
Dodge: Dodged            |    24 |   133 ||   157
